 Dungeon Crawl Stone Soup version 0.23.2-1-ga50397a6bc (webtiles) character file.

Game seed: 9703555705146629034

2429 SimonKuznets the Grave Robber (level 9, -1/71 HPs)
             Began as a Ghoul Necromancer on May 23, 2019.
             Slain by Harold
             ... wielding a +0 flail
              (14 damage)
             ... on level 7 of the Dungeon.
             The game lasted 01:29:13 (8298 turns).

SimonKuznets the Grave Robber (Ghoul Necromancer)   Turns: 8298, Time: 01:29:13

Health: -1/71      AC: 10    Str: 12    XL:     9   Next: 48%
Magic:  10/13      EV:  6    Int: 13    God:
Gold:   290        SH:  0    Dex:  9    Spells: 3/15 levels left

rFire    . . .     SeeInvis .   g - +4 whip (drain)
rCold    + + .     Gourm    .   e - +0 buckler
rNeg     + + +     Faith    .   Q - +1 ring mail {rF+}
rPois    ∞         Spirit   .   (no helmet)
rElec    .         Reflect  .   (no cloak)
rCorr    .         Harm     .   (no gloves)
MR       .....                  m - +2 pair of boots
Stlth    +.........             (no amulet)
HPRegen  0.00/turn              f - ring of ice
MPRegen  0.13/turn              (no ring)

@: marked, very slightly contaminated, held, rotting, invisible
A: rotting body, claws 1, carnivore, cold resistance 1, negative energy
resistance 3, inhibited regeneration, torment resistance, unbreathing
a: no special abilities


You were on level 7 of the Dungeon.
You were not hungry.

You visited 1 branch of the dungeon, and saw 7 of its levels.

You collected 290 gold pieces.

Inventory:

Hand Weapons
 g - a +4 whip of draining (weapon)
 l - a +1 mace of protection
 p - the cursed +0 mace "Xaib" {drain, rElec rF- rC+++ MR++, unknown}
   (You found it on level 6 of the Dungeon)

   A truly terrible weapon, it drains the life of those it strikes.
   It makes you vulnerable to fire.
   It renders you almost immune to cold.
   It insulates you from electricity.
   It affects your resistance to hostile enchantments.
   It has a curse placed upon it.
 w - a cursed -1 mace
 A - a +0 hunting sling
 E - a +0 flail
 J - a +4 short sword
 L - a +0 hand axe
 N - a +0 falchion
 O - a +1 dagger of venom
 P - a +0 halberd
 T - a +0 hand axe of chopping
 U - a +0 shortbow
 X - a +2 quarterstaff of chaos
Missiles
 j - 151 stones (quivered)
 k - 92 sling bullets
 y - 3 javelins
 H - 124 arrows
 R - 7 needles of sleeping
Armour
 a - a +0 robe
 b - a +0 pair of gloves
 c - a +1 ring mail
 e - a +0 buckler (worn)
 m - a +2 pair of boots (worn)
 n - a +0 plate armour
 q - a +0 leather armour
 s - a +0 scale mail
 u - a +0 pair of boots
 z - a +0 leather armour of poison resistance
 Q - a +1 ring mail of fire resistance (worn)
 Y - a +0 cloak
Jewellery
 f - a ring of ice (left claw)
 Z - an uncursed amulet of magic regeneration {unknown}
Wands
 K - a wand of enslavement (5)
Scrolls
 r - 3 scrolls of teleportation
 x - 3 scrolls of random uselessness {unknown}
 C - a scroll of immolation {unknown}
 D - 3 scrolls of remove curse
 F - a scroll of enchant armour
 G - a scroll of enchant weapon {unknown}
 M - 4 scrolls of amnesia
 W - a scroll of vulnerability {unknown}
Potions
 o - 4 potions of degeneration
 t - 2 potions of berserk rage
 v - a potion of brilliance
 B - 4 potions of curing
 I - a potion of ambrosia
 S - a potion of might {unknown}
 V - a potion of haste {unknown}
Comestibles
 i - 6 rations


   Skills:
 + Level 4.3 Fighting
 + Level 5.8 Maces & Flails
 + Level 4.7 Armour
 + Level 3.6 Dodging
 - Level 2.1 Stealth
 + Level 2.6 Shields
 - Level 0.2 Unarmed Combat
 * Level 3.9 Spellcasting
 * Level 6.3 Necromancy


You had 3 spell levels left.
You knew the following spells:

 Your Spells              Type           Power        Failure   Level  Hunger
a - Pain                  Necr           ###.         4%          1    None
b - Animate Skeleton      Necr           N/A          4%          1    None
c - Vampiric Draining     Necr           ###.......   12%         3    ###....
d - Regeneration          Chrm/Necr      ##........   41%         3    ###....
e - Animate Dead          Necr           N/A          36%         4    ####...

Your spell library contained the following spells:

 Spells                   Type           Power        Failure   Level  Hunger


Dungeon Overview and Level Annotations

Branches:
Dungeon (7/15)             Temple (0/1) D:4

Altars:
Dithmenos
Elyvilon
Fedhas
Okawaru
Qazlal

Annotations:
D:7 Harold


Innate Abilities, Weirdness & Mutations

Your body is rotting away.
You thrive on raw meat.
You are immune to poison.
You have sharp fingernails.
You are carnivorous and can eat meat at any time.
Your flesh is cold resistant. (rC+)
You are immune to negative energy. (rN+++)
You do not regenerate when monsters are visible.
You are immune to unholy pain and torment.
You can survive without breathing.


Message History

Okay, then.
It was a potion of invisibility.
You fade into invisibility!
The orc barely misses you. Harold casts a spell at you.
You barely resist.
You are very lightly contaminated with residual magic.
You struggle against the net.
Harold casts a spell at you. A sentinel's mark forms upon you.
You struggle against the net.
The orc hits you from afar with a +0 trident.
* * * LOW HITPOINT WARNING * * *
Harold points at you and mumbles some strange words.
The mark upon you grows brighter.
It was a potion of lignification.
You feel woody for a moment.
The orc hits you from afar with a +0 trident.
* * * LOW HITPOINT WARNING * * *
Harold hits you with a +0 flail!
You die...

#.....#.####### #........
###.#.#.......###### #........
#.#.#######.#....# #........
#.#.#.....#.#....# #........
#.#.#.##..#.#....# #........
#.#.#.##.##.#....# #........
#.#<#.##....#....# ####'#...
#.###÷#######o...### #.#.##
#.....#...#@@o.....# #.#.#
#######..#.#.#.#o...#.# #.#.#
#.....#..#.#.#.######.####.#.#
##.##.#....#.#.# #.#....#.#
#.##.##.###.#.# #.#.####.#
#.##........#.# #.#.# #.#
##.#####.#####.# #.#.####.#
#........# #.# #.#......#
########## #.# #.#########


You could see Harold and 3 orcs.

Vanquished Creatures
  A hippogriff (D:7)
  5 yaks
  2 phantoms
  A sky beast (D:5)
  2 black bears
  2 ogres
  A centaur (D:6)
  2 bullfrogs
  A gnoll sergeant (D:3)
  A scorpion (D:5)
  A howler monkey (D:6)
  A crimson imp (D:7)
  A hound (D:7)
  2 centaur skeletons (D:5)
  Crazy Yiuf (D:6)
  An iguana (D:4)
  A bullfrog skeleton (D:4)
  3 jellies
  An orc wizard (D:3)
  Natasha (D:2)
  2 worker ants
  A hound skeleton (D:4)
  5 adders
  4 gnolls
  2 adder zombies
  An adder skeleton (D:5)
  A worm (D:3)
  5 leopard geckos
  7 orcs
  5 giant cockroaches
  16 goblins
  9 hobgoblins
  3 jackals (D:2)
  A quokka (D:2)
  3 ball pythons
  6 bats
  7 frilled lizards
  11 kobolds
  5 rats
125 creatures vanquished.

Vanquished Creatures (others)
  A quokka (D:4)
1 creature vanquished.

Grand Total: 126 creatures vanquished

Notes
Turn   | Place    | Note
-------+----------+-------------------------------------------
     0 | D:1      | SimonKuznets the Ghoul Necromancer began the quest for the
                  | Orb.
     0 | D:1      | Reached XP level 1. HP: 14/14 MP: 2/2
   502 | D:1      | Learned a level 1 spell: Animate Skeleton
   723 | D:1      | Reached XP level 2. HP: 20/21 MP: 3/3
  1234 | D:1      | Reached skill level 1 in Fighting
  1658 | D:2      | Found a blossoming altar of Fedhas.
  1890 | D:2      | Reached XP level 3. HP: 24/28 MP: 4/4
  2013 | D:2      | Noticed Natasha
  2018 | D:2      | Killed Natasha
  2018 | D:2      | Reached skill level 1 in Maces & Flails
  2018 | D:2      | Reached XP level 4. HP: 35/35 MP: 5/5
  2305 | D:2      | Learned a level 3 spell: Vampiric Draining
  2364 | D:2      | Reached skill level 1 in Armour
  2619 | D:3      | Noticed an earth elemental
  2638 | D:3      | Reached XP level 5. HP: 14/39 MP: 3/6
  2669 | D:3      | Found a stormy altar of Qazlal.
  2726 | D:3      | You fall through a shaft for 2 floors!
  2726 | D:5      | Entered Level 5 of the Dungeon
  2740 | D:4      | Noticed an ogre
  2752 | D:4      | Reached skill level 1 in Shields
  2758 | D:4      | Killed an ogre
  2758 | D:4      | Reached XP level 6. HP: 41/48 MP: 6/8
  3110 | D:3      | Noticed a water elemental
  3111 | D:3      | Noticed a fire elemental
  3111 | D:3      | Noticed an air elemental
  3753 | D:4      | Found a staircase to the Ecumenical Temple.
  4195 | D:4      | HP: 1/44 [gnoll/+0 club (2)]
  4611 | D:4      | Reached XP level 7. HP: 38/50 MP: 9/9
  4620 | D:4      | Learned a level 3 spell: Regeneration
  4731 | D:4      | Found an iron altar of Okawaru.
  4999 | D:4      | Found a white marble altar of Elyvilon.
  5933 | D:6      | Noticed a yak
  5934 | D:6      | Noticed a yak
  5935 | D:6      | Noticed a yak
  5936 | D:6      | Noticed a yak
  5974 | D:5      | Killed a yak
  5974 | D:5      | Reached skill level 5 in Necromancy
  6337 | D:6      | Reached XP level 8. HP: 56/61 MP: 10/10
  6481 | D:6      | Learned a level 4 spell: Animate Dead
  6645 | D:6      | Noticed a yak
  6652 | D:6      | Killed a yak
  6675 | D:6      | Killed a yak
  6686 | D:6      | Killed a yak
  6688 | D:6      | Killed a yak
  6688 | D:6      | Reached skill level 5 in Maces & Flails
  6688 | D:6      | Reached XP level 9. HP: 39/71 MP: 11/13
  6995 | D:6      | Found a shadowy altar of Dithmenos.
  7156 | D:6      | Found a runed translucent door.
  7157 | D:6      | Noticed Crazy Yiuf
  7166 | D:6      | Killed Crazy Yiuf
  7193 | D:6      | Got a warped mace
  7494 | D:7      | Reached skill level 6 in Necromancy
  8280 | D:7      | Noticed Harold
  8298 | D:7      | Slain by Harold

Skill      XL: |  1  2  3  4  5  6  7  8  9 |
---------------+----------------------------+-----
Dodging        | 2 3 |  3.6
Fighting       | 1 2 3 4 |  4.3
Maces & Flails | 1 2 3 4 5 |  5.8
Armour         | 1 2 3 4 |  4.7
Shields        | 1 2 |  2.6
Spellcasting   | 2 3 |  3.9
Necromancy     | 5 6 |  6.3
Stealth        | |  2.1
Unarmed Combat | |  0.2

Action                   |  1- 3 |  4- 6 |  7- 9 || total
-------------------------+-------+-------+-------++-------
Melee: Unarmed           |    26 |       |       ||    26
       Whip              |    48 |   176 |   314 ||   538
 Cast: Pain              |     1 |     5 |       ||     6
       Animate Skeleton  |       |     1 |     1 ||     2
       Vampiric Draining |       |       |     1 ||     1
  Use: Scroll            |     7 |     2 |    17 ||    26
       Potion            |       |       |     4 ||     4
 Stab: Sleeping          |       |     1 |     1 ||     2
  Eat: Chunk             |    15 |    19 |    28 ||    62
       Ration            |     1 |     1 |       ||     2
Armor: Robe              |    12 |       |       ||    12
       Ring mail         |    28 |    59 |   117 ||   204
Dodge: Dodged            |    35 |    83 |   133 ||   251
Block: Buckler           |     6 |    21 |    40 ||    67
